 Dungeon Crawl Stone Soup version 0.28.0-43-g3370ac3207 (console) character file.

Game seed: 2277242658765184881

507 Zeor the Magician (level 7, -2/50 HPs)
             Began as a Djinni Cinder Acolyte on Mar 26, 2022.
             Was a High Priest of Ignis.
             Slain by a centaur warrior zombie (3 damage)
             ... on level 5 of the Dungeon.
             The game lasted 00:10:52 (3582 turns).

Zeor the Magician (Djinni Cinder Acolyte)           Turns: 3582, Time: 00:10:52

Health: -2/50      AC:  4    Str: 13    XL:     7   Next: 42%
Gold:   223        EV: 11    Int: 18    God:    Ignis [*****.] SH:  0 Dex:  8

rFire   + + +      SeeInvis .   b - staff of fire
rCold   . . .      Faith    .   (no shield)
rNeg    . . .      Spirit   .   l - +1 robe
rPois   ∞          Reflect  .   (no helmet)
rElec   .          Harm     .   (no cloak)
rCorr   +          Rampage  .   g - +0 pair of gloves
Will    .....                   (boots unavailable)
Stlth   +.........              (no amulet)
HPRegen 0.16/turn               e - ring of protection from cold
MPRegen 0.00/turn               f - ring of resist corrosion

@: flying
A: sickness immunity, fire resistance 2, cold vulnerability 1, float, innate
caster, HP casting, extra vitality 1
a: Renounce Religion, Fiery Armour, Foxfire Swarm, Rising Flame


You were on level 5 of the Dungeon.
You worshipped Ignis.
Ignis was extremely pleased with you.
You visited 1 branch of the dungeon, and saw 5 of its levels.
You also visited: Sewer.

You collected 223 gold pieces.

Inventory:

Hand Weapons
 a - a -1 spear of flaming
 n - a +2 dire flail of pain
 r - a +0 trident
 s - a +0 hand crossbow
Missiles
 t - 40 bolts
Armour
 g - a +0 pair of gloves (worn)
 l - a +1 robe (worn)
Magical Staves
 b - a staff of fire (weapon)
 c - a staff of cold
Jewellery
 e - a ring of protection from cold (left hand)
 f - a ring of resist corrosion (right hand)
 k - a ring of positive energy
Scrolls
 j - 2 scrolls of enchant armour
 q - 2 scrolls of teleportation
Potions
 d - 2 potions of curing
 h - a potion of resistance
 i - a potion of berserk rage {unknown}
 m - a potion of mutation {unknown}
 o - 2 potions of might {unknown}
 p - a potion of flight {unknown}


   Skills:
 + Level 3.2 Fighting
 + Level 3.1 Polearms
 + Level 1.1 Dodging
 + Level 0.5 Stealth
 * Level 5.6 Spellcasting


You had 9 spell levels left.
You knew the following spells:

 Your Spells              Type           Power      Damage    Failure   Level
a - Scorch                Fire           74%        2d9       1%          2
b - Freeze                Ice            100%       1d11      1%          1
c - Blink                 Tloc           50%        N/A       1%          2
d - Lesser Beckoning      Tloc           25%        N/A       3%          3
Your spell library was empty.

Dungeon Overview and Level Annotations

Branches:
Dungeon (5/15)             Temple (0/1) D:4           Sewer (visited)

Altars:
Elyvilon
Fedhas


Innate Abilities, Weirdness & Mutations

You are immune to sickness and miasma.
You are immune to poison.
Your flesh is very heat resistant. (rF++)
You are vulnerable to cold. (rC-)
You float through the air rather than walking.
You learn spells naturally, not from books.
Your magical power is your life essence.
You have superior vitality. (+4 MHP)


Message History

The foxfire hits the centaur warrior zombie.
The centaur warrior zombie is burned terribly!
The centaur warrior zombie is moderately damaged.
The foxfire hits the centaur warrior zombie but does no damage.
The centaur warrior zombie is moderately damaged.
The foxfire hits the centaur warrior zombie.
The centaur warrior zombie is burned terribly!
The centaur warrior zombie is heavily damaged.
The foxfire hits the centaur warrior zombie but does no damage.
The centaur warrior zombie is heavily damaged.
The foxfire hits the centaur warrior zombie but does no damage.
The centaur warrior zombie is heavily damaged.
The foxfire hits the centaur warrior zombie but does no damage.
The centaur warrior zombie is heavily damaged.
The foxfire hits the centaur warrior zombie but does no damage.
The centaur warrior zombie is heavily damaged.
The foxfire hits the centaur warrior zombie.
The centaur warrior zombie is burned terribly!
The centaur warrior zombie is heavily damaged.
The foxfire hits the centaur warrior zombie.
The centaur warrior zombie is burned terribly!
The centaur warrior zombie is heavily damaged.
The foxfire hits the centaur warrior zombie.
The centaur warrior zombie is burned terribly!
The centaur warrior zombie is heavily damaged.
The foxfire hits the centaur warrior zombie but does no damage.
The centaur warrior zombie is heavily damaged.
The foxfire hits the centaur warrior zombie.
The centaur warrior zombie is severely damaged.
There is an open door here.
Casting: Scorch (safe; 1% risk of failure)
Press: ? - help, Q - select action, (/) - cycle Dir - look around, f - activate You feel a surge of power!
Flames lash the centaur warrior zombie.
The centaur warrior zombie is burned terribly!
The centaur warrior zombie is severely damaged.
* * * LOW HITPOINT WARNING * * *
The centaur warrior zombie hits you.
* * * LOW HITPOINT WARNING * * *
The centaur warrior zombie kicks you.
You die...

▒▒▒▒▒▒▒▒▒▒▒▒▒▒▒▒
▒▒▒▒▒∙∙∙∙∙∙∙∙∙∙∙∙∙∙∙
▒∙∙∙∙▒∙▒▒∙∙∙∙∙∙∙∙∙▒▒
▒▒∙▒▒∙▒∙▒▒∙>∙∙∙∙∙∙∙∙∙
▒<∙∙∙∙▒∙▒▒∙∙Z∙∙∙O∙∙∙∙
▒▒∙▒▒▒▒∙▒▒▒R▒▒▒▒▒∙∙∙∙


∙∙∙∙ ∙∙▒ ▒∙▒ ∙ ∙ ▒▒▒▒▒▒▒▒▒ ▒∙▒ ▒∙▒ ▒∙▒ ▒∙▒ ▒∙▒ ▒∙▒ You could see an ogre and a
centaur warrior zombie (combustible).

Vanquished Creatures
  Edmund (D:4)
  Pargi (Sewer)
  An ogre (D:4)
  A gnoll shaman (D:4)
  6 adders
  4 gnolls (D:4)
  A river rat (D:3)
  An adder skeleton (D:4)
  A worm (D:3)
  2 orcs (D:4)
  4 ball pythons
  10 bats
  7 endoplasms
  6 giant cockroaches
  8 goblins
  4 hobgoblins
  2 jackals (D:2)
  6 kobolds
  3 quokkas
  2 frilled lizards
  A jackal skeleton (D:4)
  4 rats
  A toadstool (D:2)
77 creatures vanquished.

Vanquished Creatures (others)
  12 foxfires (D:5)
  4 fungi (D:2)
  5 toadstools (D:2)
21 creatures vanquished.

Grand Total: 98 creatures vanquished

Notes
Turn   | Place    | Note
-------+----------+-------------------------------------------
     0 | D:1      | Zeor the Djinni Cinder Acolyte began the quest for the Orb.
     0 | D:1      | Reached XP level 1. HP: 20/20 MP: 0/0
    56 | D:1      | Reached XP level 2. HP: 24/25 MP: 0/0
   465 | D:1      | Reached XP level 3. HP: 19/30 MP: 0/0
   465 | D:1      | Learned a level 1 spell: Freeze
  1201 | D:2      | Reached skill level 3 in Spellcasting
  1204 | D:2      | Reached XP level 4. HP: 10/35 MP: 0/0
  1461 | D:2      | Found a faded altar of an unknown god.
  2079 | D:3      | Found a white marble altar of Elyvilon.
  2079 | D:3      | Found a blossoming altar of Fedhas.
  2162 | D:3      | Reached XP level 5. HP: 23/40 MP: 0/0
  2162 | D:3      | Learned a level 2 spell: Blink
  2217 | D:3      | Found a glowing drain.
  2231 | Sewer    | Entered a sewer
  2395 | Sewer    | Noticed Pargi
  2402 | Sewer    | Killed Pargi
  2403 | Sewer    | Reached skill level 4 in Spellcasting
  2403 | Sewer    | Reached XP level 6. HP: 38/46 MP: 0/0
  2964 | D:4      | Noticed Edmund
  2971 | D:4      | Killed Edmund
  2972 | D:4      | Reached skill level 1 in Dodging
  2975 | D:4      | Reached skill level 5 in Spellcasting
  3079 | D:4      | Reached XP level 7. HP: 46/50 MP: 0/0
  3079 | D:4      | Learned a level 3 spell: Lesser Beckoning
  3331 | D:4      | Found a staircase to the Ecumenical Temple.
  3553 | D:5      | Entered Level 5 of the Dungeon
  3582 | D:5      | HP: 1/50 [centaur warrior zombie (1)]
  3582 | D:5      | Slain by a centaur warrior zombie

Illustrated notes

Levels and vault maps discovered:
D:1:      sevenhm_arrival_forest_fort_large_4, layout_rooms, serial_bayou_pond_d
D:2:      layout_basic, hellmonk_ecumenical_altar_heavens_door,
          minmay_gold_behind_fungi, minmay_pentomino_pile
D:3:      layout_rooms, gammafunk_temple_overflow_elements,
          cheibrodos_sewer_entry_sluice
D:4:      layout_cave_pools, minmay_temple_entry_grid,
          wad_floor_pattern_untrapped, uniq_edmund
D:5:      layout_basic

Skill      XL: |  1  2  3  4  5  6 |
---------------+-------------------+-----
Spellcasting   | 3 4 5 |  5.6
Polearms       | 3 |  3.1
Dodging        | 1 |  1.1
Fighting       | |  3.2
Stealth        | |  0.5

Action                   |  1- 3 |  4- 6 |  7- 9 || total
-------------------------+-------+-------+-------++-------
Melee: Spear             |    49 |     7 |       ||    56
       Staff             |       |     3 |     3 ||     6
 Cast: Scorch            |     9 |    43 |    17 ||    69
       Freeze            |     2 |    12 |       ||    14
Invok: Fiery Armour      |       |     1 |       ||     1
       Foxfire Swarm     |       |       |     1 ||     1
  Use: Scroll            |     3 |     6 |     1 ||    10
 Stab: Sleeping          |     1 |       |       ||     1
Armor: Robe              |     9 |    11 |     2 ||    22
Dodge: Dodged            |    16 |    18 |    10 ||    44
